 Dungeon Crawl Stone Soup version 0.31-a0-1376-g36f0627 (webtiles) character file.

Game seed: 12741535220158989581

2908462 Anotheraccount the Hoplite (level 27, 214/214 HPs)
             Began as an Armataur Fighter on Dec 24, 2023.
             Was the Champion of Jiyva.
             Escaped with the Orb
             ... and 5 runes
             ... and 1 gem!
             The game lasted 02:14:22 (85494 turns).

Anotheraccount the Hoplite (Armataur Fighter)      Turns: 85494, Time: 02:14:22

Health: 214/214    AC: 31    Str: 31      XL:     27
Magic:  38/38      EV: 14    Int:  6 (7)  God:    Jiyva [******]
Gold:   6968       SH: 30    Dex: 19      Spells: 26/26 levels left

rFire   + + .        G - +9 demon whip (chaos)
rCold   + + +        k - +0 tower shield {AC+3}
rNeg    + + +        V - +1 robe of Vines {NoPotionHeal Regen++++}
rPois   +            (no helmet)
rElec   +            x - scarf {rC+ rF+}
rCorr   +            R - +3 Mad Mage's Maulers {Infuse+∞ VampMP -Cast}
SInv    +            c - +6 lightning scales {swift, rElec}
Will    +++..        e - amulet of Internal Strife {Reflect rC+ rN+ Will+ Int+3 SH+5}
Stlth   +++          O - ring "Jucahaj" {rN++ Str+2 SInv}
HPRegen 5.35/turn    i - ring of Beogh's Vengeance {Fire rPois rN+}
MPRegen 1.06/turn

%: no spellcasting, random rage (3%), reflection, roll, infuse magic (38 MP)
@: studying 2 skills, quick
A: large, deformed body, tough skin 3, armoured tail, roll 2, iridescent scales
2, thin skeletal structure 1, berserk 1, cold resistance 3, deterioration 1,
dopey 2, frail 1, eyeballs 1, evolution 1, no potion heal 1, inability to read
after injury 2, sturdy frame 2
0: Orb of Zot
}: 5/15 runes: serpentine, barnacled, slimy, silver, abyssal
a: Renounce Religion, Oozemancy, Slimify


You escaped.
You worshipped Jiyva.
Jiyva was exalted by your worship.
You visited 13 branches of the dungeon, and saw 57 of its levels.
You visited the Abyss 2 times.
You visited 1 bazaar.
You also visited: Trove and Sewer.

You collected 11385 gold pieces.
You spent 4417 gold pieces at shops.

Inventory:

Hand Weapons
 G - a +9 demon whip of chaos (weapon)
Armour
 c - the +6 lightning scales (worn) {swift, rElec}
   (You acquired it in a bazaar)

   Swift:     It allows the wearer to cover ground more swiftly.
   rElec:     It insulates you from electricity.
 k - a +0 tower shield of protection (worn)
 m - +9 gold dragon scales
 x - a scarf of resistance (worn)
 Q - a +2 helmet
 R - the +3 Mad Mage's Maulers (worn) {Infuse+∞ VampMP -Cast}
   (You bought it in a shop on level 1 of the Elven Halls)

   Infuse+∞: It empowers its wearer's blows with all of their magic.
   VampMP:    Blows struck in melee replenish the wearer's magic.
   -Cast:     It prevents spellcasting.
 V - the +1 robe of Vines (worn) {NoPotionHeal Regen++++}
   (You found it on level 3 of the Elven Halls)

   NoPotionHeal: Its wearer cannot be healed by potions.
   Regen++++: It increases your rate of health regeneration.
Jewellery
 e - the amulet of Internal Strife (around neck) {Reflect rC+ rN+ Will+ Int+3 SH+5}
   (You bought it in a shop on level 2 of the Snake Pit)

   [amulet of reflection]

   Reflect:   It reflects blocked missile attacks.
   Int+3:     It affects your intelligence (+3).
   rC+:       It protects you from cold.
   rN+:       It protects you from negative energy.
   Will+:     It increases your willpower.
   SH+5:      It affects your SH (+5).
 i - the ring of Beogh's Vengeance (right hand) {Fire rPois rN+}
   (You took it off a merfolk on level 1 of the Shoals)

   [ring of fire]

   Fire:      It enhances your fire magic.
   rF+:       It protects you from fire.
   rC-:       It makes you vulnerable to cold.
   rPois:     It protects you from poison rN+: It protects you from negative
   energy.
 O - the ring "Jucahaj" (left hand) {rN++ Str+2 SInv}
   (You took it off a tengu warrior on level 2 of the Depths)

   [ring of see invisible]

   Str+2:     It affects your strength (+2).
   rN++:      It greatly protects you from negative energy.
   SInv:      It lets you see invisible.
Wands
 j - a wand of acid (49)
 o - a wand of digging (22)
 q - a wand of charming (47)
 r - a wand of flame (123)
 y - a wand of polymorph (26)
 z - a wand of roots (41)
 H - a wand of mindburst (32)
Scrolls
 a - 12 scrolls of teleportation
 b - a scroll of amnesia
 f - a scroll of enchant weapon
 s - 4 scrolls of fear
 t - 5 scrolls of revelation
 u - 6 scrolls of fog
 w - 6 scrolls of blinking
 K - 2 scrolls of poison
 Y - 2 scrolls of summoning
Potions
 d - a potion of brilliance
 h - 5 potions of mutation
 l - 5 potions of enlightenment
 n - 9 potions of heal wounds
 p - 26 potions of curing
 v - 2 potions of resistance
 C - 4 potions of cancellation
 E - 3 potions of ambrosia
 F - 3 potions of berserk rage
 I - 2 potions of invisibility
 J - a potion of magic
 L - 8 potions of might
 M - 9 potions of haste
 T - 3 potions of lignification
Miscellaneous
 D - a lightning rod (4/4)
 S - a sack of spiders


   Skills:
 + Level 18.0 Fighting
 * Level 24.4 Maces & Flails
 + Level 15.9 Armour
 + Level 11.0 Dodging
 + Level 13.3 Stealth
 + Level 25.7 Shields
 * Level 22.6 Invocations
 * Level 23.8 Evocations


You had 26 spell levels left.
You didn't know any spells.
Your spell library contained the following spells:

 Spells                   Type           Power      Damage    Failure   Level
 Foxfire                  Conj/Fire      0%         2x1d4     47%         1
 Magic Dart               Conj           0%         1d3       47%         1
 Slow                     Hex            0%         N/A       47%         1
 Blink                    Tloc           0%         N/A       63%         2
 Call Imp                 Summ           0%         N/A       63%         2
 Cigotuvi's Dreadful Rot  Necr/Alch/Air  0%         N/A       63%         2
 Ensorcelled Hibernation  Hex/Ice        0%         N/A       63%         2
 Jinxbite                 Hex            0%         N/A       63%         2
 Lesser Beckoning         Tloc           0%         N/A       63%         2
 Momentum Strike          Conj/Tloc      0%         3d8       63%         2
 Passwall                 Alch/Erth      0%         N/A       63%         2
 Scorch                   Fire           0%         2d5       63%         2
 Searing Ray              Conj           0%         2d4       63%         2
 Sublimation of Blood     Necr           0%         N/A       63%         2
 Confusing Touch          Hex            0%         N/A       85%         3
 Dazzling Flash           Conj/Hex       0%         N/A       85%         3
 Frozen Ramparts          Ice            0%         1d1       85%         3
 Fugue of the Fallen      Necr           0%         N/A       85%         3
 Gell's Gravitas          Tloc           0%         N/A       85%         3
 Hailstorm                Conj/Ice       0%         3d5       85%         3
 Inner Flame              Hex/Fire       0%         N/A       85%         3
 Mephitic Cloud           Conj/Alch/Air  0%         N/A       85%         3
 Sigil of Binding         Hex            0%         N/A       85%         3
 Stone Arrow              Conj/Erth      0%         3d7       85%         3
 Summon Guardian Golem    Hex/Summ       0%         N/A       85%         3
 Swiftness                Air            0%         N/A       85%         3
 Teleport Other           Tloc           0%         N/A       85%         3
 Tukima's Dance           Hex            0%         N/A       85%         3
 Vampiric Draining        Necr           0%         2d6       85%         3
 Volatile Blastmotes      Fire/Tloc      0%         2d10      85%         3
 Anguish                  Hex/Necr       0%         N/A       99%         4
 Animate Armour           Summ/Erth      0%         N/A       99%         4
 Animate Dead             Necr           0%         N/A       99%         4
 Cause Fear               Hex            0%         N/A       99%         4
 Dimensional Bullseye     Hex/Tloc       0%         N/A       99%         4
 Flame Wave               Conj/Fire      0%         2d4       99%         4
 Fulminant Prism          Conj/Alch      0%         3d5       99%         4
 Iskenderun's Mystic Bla  Conj/Tloc      0%         2d3       99%         4
 Leda's Liquefaction      Alch/Erth      0%         N/A       99%         4
 Manifold Assault         Tloc           0%         N/A       99%         4
 Olgreb's Toxic Radiance  Alch           0%         N/A       99%         4
 Passage of Golubria      Tloc           0%         N/A       99%         4
 Petrify                  Alch/Erth      0%         N/A       99%         4
 Sticky Flame             Fire/Alch      0%         2d4       99%         4
 Summon Ice Beast         Ice/Summ       0%         N/A       99%         4
 Vhi's Electric Charge    Tloc/Air       0%         N/A       99%         4
 Agony                    Necr           0%         N/A       100%        5
 Arcjolt                  Conj/Air       0%         1d10      100%        5
 Fireball                 Conj/Fire      0%         3d3       100%        5
 Freezing Cloud           Conj/Ice/Air   0%         6-21      100%        5
 Irradiate                Conj/Alch      0%         3d11      100%        5
 Iskenderun's Battlesphe  Conj           0%         2d6       100%        5
 Metabolic Englaciation   Hex/Ice        0%         N/A       100%        5
 Silence                  Hex/Air        0%         N/A       100%        5
 Summon Forest            Summ/Tloc      0%         N/A       100%        5
 Summon Mana Viper        Hex/Summ       0%         N/A       100%        5
 Yara's Violent Unravell  Hex/Alch       0%         3d3       100%        5
 Bombard                  Conj/Erth      0%         9d1       100%        6
 Conjure Ball Lightning   Conj/Air       0%         3x3d6     100%        6
 Dispersal                Tloc           0%         N/A       100%        6
 Eringya's Noxious Bog    Alch           0%         4d6       100%        6
 Plasma Beam              Fire/Air       0%         2x1d10    100%        6
 Simulacrum               Ice/Necr       0%         N/A       100%        6
 Starburst                Conj/Fire      0%         6d3       100%        6
 Summon Cactus Giant      Summ           0%         N/A       100%        6
 Enfeeble                 Hex            0%         N/A       100%        7
 Haunt                    Necr/Summ      0%         N/A       100%        7
 Malign Gateway           Summ/Tloc      0%         N/A       100%        7
 Monstrous Menagerie      Summ           0%         N/A       100%        7
 Orb of Destruction       Conj           0%         9d5       100%        7
 Ozocubu's Refrigeration  Ice            0%         4d7       100%        7
 Spellforged Servitor     Conj/Summ      0%         N/A       100%        7
 Summon Hydra             Summ           0%         N/A       100%        7
 Discord                  Hex            0%         N/A       100%        8
 Disjunction              Tloc           0%         N/A       100%        8
 Ignition                 Fire           0%         3d3       100%        8
 Infestation              Necr           0%         N/A       100%        8
 Lehudib's Crystal Spear  Conj/Erth      0%         10d2      100%        8
 Maxwell's Capacitive Co  Air            0%         ∞         100%        8
 Summon Horrible Things   Summ           0%         N/A       100%        8
 Chain Lightning          Conj/Air       0%         N/A       100%        9
 Dragon's Call            Summ           0%         N/A       100%        9
 Fire Storm               Conj/Fire      0%         5d1       100%        9
 Shatter                  Erth           0%         3d5*      100%        9


Dungeon Overview and Level Annotations

Branches:
Dungeon (15/15)            Temple (1/1) D:5            Lair (5/5) D:11
 Shoals (4/4) Lair:2        Snake (4/4) Lair:2        Slime (5/5) Lair:4
    Orc (2/2) D:11            Elf (3/3) Orc:2        Vaults (5/5) D:13
  Crypt (3/3) Vaults:3       Tomb (0/3) Crypt:3      Depths (4/4) D:15
   Hell (visited)             Zot (5/5) Depths:4      Sewer (visited)
    Dis: Hell:1         Geh: Hell:1         Coc: Hell:1         Tar: Hell:1

Altars:
Ashenzari
Cheibriados
Dithmenos
Elyvilon
Gozag
Hepliaklqana
Kikubaaqudgha
Makhleb
Nemelex Xobeh
Okawaru
Qazlal
Sif Muna
Trog
Uskayaw
Vehumet
Wu Jian
Xom
Yredelemnul
Zin
The Shining One
Jiyva

Shops:
D:4 ![*   Orc:2 !(*[?   Elf:1 (:[*   Elf:3 *(?   Snake:2 =::   Vaults:5 ?
Depths:3 (!(

Portals:
Hell: Depths:1 Depths:2 Depths:3 Depths:4
Abyss: Depths:3 Depths:4
Pandemonium: Depths:2 Depths:3
Ziggurat: Depths:4

Annotations:
Snake:4 3 runed translucent doors, catclaw's ghost, adept OnFi
Slime:5 Royal Jelly
Vaults:1 exclusion: orange crystal statue


Innate Abilities, Weirdness & Mutations

Armour fits poorly on your strangely shaped body.
You have extremely tough skin. (AC +3)
You have a long armoured tail.
You regenerate magic and health when rolling toward enemies. (Rampage Regen)
You are mostly covered in iridescent scales. (AC +4)
You have a somewhat thin skeletal structure. (Dex +2, Stealth+)
You sometimes lose your temper in combat.
Your flesh is almost immune to the effects of cold. (rC+++)
Your body sometimes deteriorates upon taking damage.
You are very dopey. (Int -4)
You are frail. (-10% HP)
Your body has grown eyes which may confuse attackers. (Acc +3)
You have hidden genetic potential.
Potions are less effective at restoring your health.
You sometimes lose the ability to read scrolls when taking damage.
Your movements are less encumbered by armour. (ER -4)


Message History

The hellwing is almost dead.
You punish the hellwing, causing immense pain!!!
You kill the hellwing!
No target in view!
No target in view!
No target in view!
No target in view!
No target in view!
No target in view!
No target in view!
No target in view!
No target in view!
No target in view!
No target in view!
No target in view!
What level of the Dungeon? (default 1, ? - help)
You hear a distant slurping noise.
Items here: ))))) [.
You hear a distant slurping noise.
You hear a distant slurping noise.
There is a stone staircase leading up here.
You climb upwards.
There is a stone staircase leading down here.
There is a stone staircase leading up here.
You climb upwards.
There is a stone staircase leading down here.
Magic restored.
There is a stone staircase leading up here.
You climb upwards.
There is a stone staircase leading down here.
Okay, then.
Aiming: Dig
Press: ? - help, Shift-Dir - straight line A rock wall.
This square is covered in magical glow.
The rock shatters into small pieces.
There is a staircase leading out of the dungeon here.
You can't go down here!
Unknown command.
You have escaped!

##.##......)..### #.# #..#
#.#####..#########.# #.)## ##.#
#..# #..### #...# ...# ###..###
#....### #..##
...###....#.####......####..#
##.............#........###.# ###
##.###.####.####..##......#####(.
##.###.........#..####.......'...
.......####.###.@.# ###.....'..#
#..###.# #.# ##..####.......'.##
#..# #.####.# #..##..[...######
#..# #...##.####........###..####
#..#####.##....#......### #..##..
.........#######)....######..##.#
...####..# #..###........##.#
...# #.)#### ####...#.###..##.#
...# #.....# #.......#.........


There were no monsters in sight!

Vanquished Creatures
  2 dread liches
  Frederick (Vaults:5)
  3 orbs of fire
  8 ancient liches
  Xtahua (Vaults:5)
  9 Killer Klowns
  Saint Roka (Depths:1)
  A pandemonium lord (D:4)
  11 golden dragons
  4 profane servitors
  A Brimstone Fiend (Zot:5)
  9 bone dragons
  8 electric golems
  Rupert (D:15)
  Zenata (Vaults:2)
  A walking crystal tome (Depths:2)
  26 tentacled monstrosities
  26 Orb Guardians
  3 liches
  2 Hell Sentinels
  A shard shrike skeleton (Crypt:1)
  A deep elf blademaster (Elf:3)
  6 titans
  8 quicksilver dragons
  4 Executioners
  11 sphinxes
  The ghost of porkupine the Peltast, an adept MiAK of Lugonu (Shoals:4)
  5 ancient champions
  Agnes (Elf:2)
  A kraken (Shoals:3)
  14 tentacled starspawn
  14 death cobs
  8 tengu reavers
  24 storm dragons
  Donald (Vaults:2)
  18 shadow dragons
  Roxanne (Elf:2)
  5 draconian monks
  2 protean progenitors (Zot:4)
  8 nagarajas
  Aizul (Snake:1)
  An iron dragon (Vaults:5)
  7 deep elf sorcerers
  7 frost giants
  8 draconian knights
  Ilsuiw (Shoals:2)
  9 fire giants
  3 revenants
  3 balrugs
  A deep elf elementalist (Elf:3)
  4 draconian shifters
  8 draconian scorchers
  A ghost moth (Zot:2)
  10 vault wardens
  A demonspawn corrupter (Zot:1)
  3 juggernaut zombies
  2 cacodemons
  6 draconian stormcallers
  2 curse skulls (Crypt:3)
  5 formless jellyfish
  2 war gargoyles
  An ophan (Abyss:3)
  10 draconian annihilators
  13 ironbound preservers
  4 reapers
  23 very ugly things
  4 orc warlords
  8 vampire knights
  8 ironbound thunderhulks
  A spriggan defender (Depths:1)
  16 stone giants
  9 yellow draconians
  11 deep elf annihilators
  9 green draconians
  A spark wasp (Depths:1)
  18 black draconians
  3 lorocyprocas
  11 deep elf death magi
  8 deep elf demonologists
  3 dire elephants (Vaults:1)
  15 white draconians
  17 purple draconians
  17 red draconians
  3 green deaths
  A bunyip (Abyss:3)
  10 eidola
  Azrael (D:15)
  Snorg (D:14)
  22 ettins
  5 blizzard demons
  3 crystal guardians
  6 jiangshi
  A mummy priest (Crypt:3)
  7 merfolk impalers
  24 slime creatures
  An entropy weaver (Vaults:3)
  A quicksilver dragon zombie (Crypt:3)
  9 fire dragons
  8 merfolk javelineers
  10 yaktaur captains
  5 spriggan zombies
  Josephine (Orc:2)
  9 rakshasas
  7 deep elf high priests
  8 great orbs of eyes
  An entropy weaver (shapeshifter) (D:15)
  31 vault guards
  2 quicksilver dragon skeletons (Crypt:3)
  7 hydras
  8 ice dragons
  A fenstrider witch zombie (Crypt:3)
  6 ogre magi
  2 spriggan skeletons
  3 death knights
  A salamander tyrant (Snake:4)
  11 ironbound frosthearts
  A merfolk avatar (Shoals:4)
  3 spriggan air magi
  An alligator snapping turtle (Shoals:2)
  14 anacondas
  2 peacekeepers
  15 centaur warriors
  3 satyrs
  34 dancing weapons
  3 merfolk aquamancers (Shoals:4)
  5 boulder beetles
  8 tengu warriors
  5 deep troll earth magi
  8 naga sharpshooters
  11 naga warriors
  19 two-headed ogres
  14 hell hogs
  3 vampire magi
  25 thrashing horrors
  8 death yaks (Lair:3)
  2 titan zombies (Crypt:3)
  13 deep troll shamans
  6 shock serpents
  2 occultists
  3 orc high priests
  16 hell knights
  5 spriggan berserkers
  6 soul eaters
  23 deep elf knights
  A storm dragon zombie (Crypt:3)
  5 sun demons
  2 titan skeletons
  Amaemon (Lair:2)
  6 iron trolls
  A fire crab (shapeshifter) (D:15)
  3 salamander mystics
  2 shadow wraiths
  9 skysharks
  10 skeletal warriors
  18 wretched stars
  A death drake (shapeshifter) (Elf:1)
  3 spatial maelstroms
  43 deep trolls
  An anaconda zombie (Abyss:2)
  17 sea snakes
  3 shadow demons
  2 sea snakes (shapeshifter)
  An orb spider (shapeshifter) (D:15)
  11 flayed ghosts
  9 naga ritualists
  A spriggan simulacrum (Abyss:3)
  6 deep elf archers
  A death drake (Abyss:3)
  An anaconda skeleton (Abyss:2)
  3 glowing orange brains
  5 arcanists
  A swamp dragon (Lair:5)
  A lindwurm (shapeshifter) (Vaults:5)
  8 lindwurms
  A steelbarb worm (shapeshifter) (Depths:1)
  14 harpies
  18 phantasmal warriors
  18 ironbound convokers
  13 orc knights
  8 orc sorcerers
  23 necromancers
  38 deep elf zephyrmancers
  14 mana vipers
  A stone giant zombie (Crypt:3)
  39 deep elf pyromancers
  3 cyclopes
  3 wolf spiders
  36 large abominations
  9 fauns
  A mana viper (shapeshifter) (Elf:1)
  A will-o-the-wisp (Abyss:3)
  37 ugly things
  12 manticores
  7 worldbinders
  A tengu skeleton (Vaults:3)
  A manticore (shapeshifter) (Elf:3)
  14 salamanders
  A cyclops (shapeshifter) (Vaults:5)
  40 moths of wrath
  19 elephants
  An oklob plant (Lair:5)
  An iron dragon skeleton (Crypt:3)
  A moth of wrath (shapeshifter) (Vaults:5)
  7 water nymphs
  17 naga magi
  10 merfolk sirens
  11 guardian serpents
  A fire giant skeleton (Crypt:1)
  2 kobold blastminers
  5 apocalypse crabs
  3 dire elephant zombies
  A black mamba (shapeshifter) (Elf:1)
  54 black mambas
  3 rust devils
  2 torpor snails (Lair:4)
  An alligator snapping turtle zombie (Crypt:3)
  6 orange demons
  11 smoke demons
  An eye of devastation (shapeshifter) (Vaults:1)
  22 vault sentinels
  A dire elephant skeleton (Crypt:3)
  Joseph (D:8)
  15 cane toads
  A centaur skeleton (Crypt:3)
  A gargoyle (D:14)
  An unseen horror (D:11)
  A hellion (Abyss:3)
  A pale draconian zombie (Crypt:1)
  A storm dragon simulacrum (Abyss:1)
  2 rime drakes
  19 yaktaurs
  4 efreet
  13 freezing wraiths
  2 guardian mummies (Crypt:3)
  A rime drake (shapeshifter) (D:11)
  20 komodo dragons
  2 tengu conjurers
  A spark wasp simulacrum (Depths:2)
  A tormentor (Abyss:3)
  10 ancient zymes
  30 merfolk
  A silent spectre (Abyss:4)
  18 hellwings
  4 harpy zombies
  2 tyrant leeches (Zot:4)
  2 trolls (D:14)
  2 polar bears
  A queen bee (Abyss:2)
  6 wind drakes
  Grinder (D:5)
  3 meliai (D:13)
  A dream sheep (shapeshifter) (Vaults:5)
  6 dream sheep
  7 hornets
  62 raiju
  A blink frog (shapeshifter) (Elf:1)
  3 harpy skeletons
  An ettin zombie (Crypt:3)
  19 blink frogs
  6 snapping turtles
  An ettin skeleton (Crypt:3)
  An ice dragon zombie (Crypt:2)
  4 jumping spiders (Crypt:3)
  An ushabti (Crypt:3)
  A culicivora (shapeshifter) (Abyss:4)
  A naga simulacrum (Abyss:2)
  A spriggan (shapeshifter) (Abyss:3)
  3 air elementals
  A satyr skeleton (Crypt:2)
  A shadow (D:10)
  12 ynoxinuls
  3 spriggans (Depths:2)
  15 wyverns
  A black mamba skeleton (Crypt:2)
  17 humans (D:13)
  41 starcursed masses
  16 water elementals
  A vampire (Abyss:3)
  13 neqoxecs
  14 wraiths
  A fire bat (shapeshifter) (D:13)
  3 fire bats (Abyss:2)
  76 yaks
  A yak (shapeshifter) (Vaults:5)
  3 basilisks
  2 fire elementals
  A human (shapeshifter) (D:15)
  9 chaos spawn
  4 wargs
  8 redbacks
  A redback (shapeshifter) (Vaults:5)
  6 vampire mosquitoes
  2 harpy simulacra
  A naga zombie (Crypt:3)
  3 spatial vortices
  2 steam dragons (Lair:5)
  37 nagas
  27 small abominations
  4 acid dragons
  10 hell hounds
  29 water moccasins
  Pargi (D:4)
  2 swamp drakes (Lair:5)
  A black bear (D:5)
  A cane toad skeleton (Crypt:2)
  26 orc warriors
  A sky beast (D:8)
  3 ettin simulacra (Depths:3)
  An ice beast (Abyss:3)
  9 wolves
  An elephant zombie (Crypt:1)
  61 laughing skulls
  33 ogres
  10 centaurs
  4 boggarts (Vaults:3)
  A swamp dragon skeleton (Crypt:2)
  4 brain worms
  10 weeping skulls
  A brain worm (shapeshifter) (Depths:2)
  12 bullfrogs
  2 scorpions
  A glowing shapeshifter simulacrum (Vaults:3)
  A human skeleton (Vaults:3)
  5 water moccasin zombies (D:6)
  7 earth elementals
  5 wyvern skeletons (Crypt:3)
  6 wights
  10 killer bees
  An electric eel (D:11)
  2 vampire bats (D:4)
  5 howler monkeys
  2 bombardier beetles (D:5)
  3 centaur zombies
  5 bullfrog zombies (D:6)
  5 quasits
  2 jellies
  11 orc priests
  A gnoll bouda (D:4)
  4 hounds
  3 iron imps
  2 sleepcaps
  4 bullfrog skeletons (D:6)
  10 iguanas
  19 orc wizards
  7 hell rats (Lair:1)
  2 killer bee zombies (D:6)
  An acid dragon skeleton (Crypt:1)
  15 gnolls
  9 adders
  2 river rats (Sewer)
  3 shadow imps
  6 white imps
  13 ufetubi
  A jelly zombie (Crypt:1)
  3 worms
  3 dart slugs
  76 orcs
  12 ball pythons
  4 bat skeletons (D:4)
  2 bat zombies (D:4)
  7 endoplasms
  3 giant cockroaches
  12 hobgoblins
  5 jackals
  6 quokkas
  A ball python skeleton (Crypt:1)
  3 bats
  5 frilled lizards
  11 goblins
  A goblin skeleton (Crypt:2)
  16 kobolds
  5 rats
  A river rat skeleton (Crypt:2)
  An aspiring flesh (Zot:4)
  2 lurking horrors
  6 starspawn tentacles
  A tentacle (Shoals:3)
2925 creatures vanquished.

Vanquished Creatures (collateral kills)
  A dread lich (Vaults:4)
  Norris (Vaults:2)
  A Tzitzimitl (Zot:1)
  An ironbound preserver (Vaults:5)
  An orc warlord (Vaults:2)
  An ettin (Vaults:5)
  3 vault guards (Vaults:5)
  A skyshark (Lair:3)
  An ironbound convoker (Vaults:2)
  2 orc knights (Vaults:2)
  A rust devil (Hell)
  An orange demon (Lair:2)
  A cane toad (Lair:3)
  A rime drake (Lair:2)
  An ancient zyme (Abyss:3)
  A yak (Lair:3)
  A ynoxinul (Depths:4)
  A starcursed mass (Abyss:3)
  A water moccasin (Lair:2)
  An iron imp (Abyss:1)
23 creatures vanquished.

Vanquished Creatures (others)
  Geryon (Hell)
  A tentacled starspawn (Abyss:3)
  A merfolk impaler (Shoals:4)
  A rakshasa (Depths:2)
  A vault guard (Vaults:5)
  10 great orbs of eyes
  A thrashing horror (Abyss:4)
  4 glowing orange brains
  A sea snake (Abyss:2)
  A harpy (shapeshifter) (Abyss:2)
  A deep elf zephyrmancer (Elf:3)
  2 large abominations
  A deep elf pyromancer (D:14)
  A worldbinder (Abyss:3)
  A shining eye (Abyss:3)
  A smoke demon (Abyss:3)
  An ancient zyme (Abyss:1)
  A slime creature (Abyss:4)
  7 raiju (Abyss:3)
  2 glass eyes
  A spriggan (Depths:2)
  A ynoxinul (Abyss:3)
  5 small abominations (Abyss:3)
  10 golden eyes
  A steam dragon (Lair:5)
  A chaos spawn (Abyss:3)
  A black bear (shapeshifter) (Abyss:3)
  A weeping skull (Abyss:1)
  A wyvern skeleton (Crypt:3)
  A raiju zombie (Abyss:3)
  159 jellies
  A basilisk zombie (Abyss:1)
  An orc priest (Depths:2)
  3 starcursed masses (Abyss:3)
  A steam dragon zombie (Crypt:2)
  2 white imps
  2 ufetubi
  3 endoplasms (Abyss:4)
  4 lurking horrors
  34 starspawn tentacles
  3 tentacles (Shoals:3)
276 creatures vanquished.

Grand Total: 3224 creatures vanquished

Notes
Turn   | Place    | Note
-------+----------+-------------------------------------------
     0 | D:1      | Anotheraccount the Armataur Fighter began the quest for the
                  | Orb.
     0 | D:1      | Reached XP level 1. HP: 18/18 MP: 1/1
   167 | D:1      | Reached XP level 2. HP: 25/25 MP: 2/2
   443 | D:1      | Reached XP level 3. HP: 29/30 MP: 3/3
  2076 | D:3      | Reached XP level 4. HP: 36/37 MP: 4/4
  2077 | D:3      | Reached skill level 4 in Shields
  2423 | D:3      | Found a white marble altar of Elyvilon.
  2558 | D:3      | Found a faded altar of an unknown god.
  2605 | D:3      | Found a bloodstained altar of Trog.
  3126 | D:4      | Reached XP level 5. HP: 37/45 MP: 5/5
  3167 | D:4      | Noticed Pargi
  3171 | D:4      | Killed Pargi
  3172 | D:4      | Reached skill level 5 in Armour
  3187 | D:4      | Found Cuhi's General Store.
  3274 | D:4      | Found an ancient bone altar of Kikubaaqudgha.
  3278 | D:4      | Reached XP level 6. HP: 51/51 MP: 6/6
  3426 | D:4      | Reached skill level 5 in Shields
  3584 | D:4      | Got Apsem's Folio of Striking
  3837 | D:4      | Found Hatreem's Distillery.
  3840 | D:4      | Bought a potion of curing for 30 gold pieces
  3840 | D:4      | Bought a potion of berserk rage for 50 gold pieces
  3902 | D:4      | Found Tiestilu's Antique Armour Shop.
  4007 | D:4      | Gained mutation: You regenerate magic and health when
                  | rolling toward enemies. (Rampage Regen) [Armataur growth]
  4007 | D:4      | Reached XP level 7. HP: 47/57 MP: 7/7
  4274 | D:5      | Entered Level 5 of the Dungeon
  4368 | D:5      | Reached skill level 5 in Maces & Flails
  4379 | D:5      | Found a staircase to the Ecumenical Temple.
  4382 | D:5      | Noticed Grinder
  4399 | D:5      | Paralysed by Grinder for 4 turns
  4405 | D:5      | Killed Grinder
  4530 | Temple   | Entered the Ecumenical Temple
  4636 | Temple   | Became a worshipper of Makhleb the Destroyer
  4725 | D:5      | Noticed a yak
  4730 | D:5      | Reached XP level 8. HP: 64/66 MP: 8/8
  4748 | D:5      | Reached skill level 1 in Invocations
  4748 | D:5      | Reached skill level 1 in Evocations
  4897 | D:5      | Found a stormy altar of Qazlal.
  4959 | D:5      | Reached skill level 6 in Shields
  5615 | D:6      | Reached skill level 1 in Dodging
  5982 | D:6      | Reached XP level 9. HP: 70/71 MP: 10/10
  6070 | D:6      | Found a glowing drain.
  6080 | Sewer    | Entered a sewer
  6086 | Sewer    | Reached * piety under Makhleb
  7405 | D:7      | Identified a scroll of acquirement
  7405 | D:7      | Acquired 795 gold pieces
  7654 | D:8      | Reached ** piety under Makhleb
  7767 | D:8      | Noticed Joseph
  7775 | D:8      | Killed Joseph
  7776 | D:8      | Reached skill level 7 in Shields
  7898 | D:8      | You fall into a shaft and drop 2 floors!
  7898 | D:10     | Entered Level 10 of the Dungeon
  7913 | D:10     | Noticed a two-headed ogre
  7923 | D:10     | Killed a two-headed ogre
  7971 | D:9      | Reached XP level 10. HP: 80/80 MP: 13/13
  8683 | D:9      | Found a basalt altar of Yredelemnul.
  8865 | D:9      | Reached skill level 5 in Fighting
  8935 | D:9      | Reached *** piety under Makhleb
  9359 | D:9      | Reached skill level 5 in Evocations
  9413 | D:9      | Identified the +0 flail of Excruciating Pain {speed, rElec
                  | rF+ Will+ Int+3}
  9479 | D:9      | Noticed a two-headed ogre
  9496 | D:9      | Killed a two-headed ogre
  9497 | D:9      | Reached skill level 8 in Shields
  9497 | D:9      | Reached skill level 5 in Invocations
  9910 | D:10     | Reached skill level 10 in Maces & Flails
  9929 | D:10     | Reached XP level 11. HP: 88/88 MP: 14/14
 10087 | D:10     | Found a shimmering altar of Xom.
 10090 | D:10     | Found a sparkling altar of Nemelex Xobeh.
 10142 | D:10     | Found a hazy altar of Hepliaklqana.
 10428 | D:10     | Found an ornate altar of the Wu Jian Council.
 10526 | D:10     | Found a broken altar of Ashenzari.
 10527 | D:10     | Found a hide-covered altar of Uskayaw.
 10611 | D:11     | Noticed a two-headed ogre
 10635 | D:11     | Killed a two-headed ogre
 10807 | D:11     | Found a staircase to the Lair.
 10996 | D:11     | Found a burning altar of Makhleb.
 11152 | D:11     | Found a staircase to the Orcish Mines.
 11342 | D:11     | Reached **** piety under Makhleb
 12187 | Lair:1   | Entered Level 1 of the Lair of Beasts
 13154 | Lair:2   | Reached skill level 9 in Shields
 13177 | Lair:2   | Reached XP level 12. HP: 92/93 MP: 16/16
 13368 | Lair:2   | Identified the +0 chain mail of Nef Nair {Harm}
 13399 | Lair:2   | Noticed a five-headed hydra
 13403 | Lair:2   | Killed a five-headed hydra
 13482 | Lair:2   | Found a staircase to the Shoals.
 13688 | Lair:2   | Noticed Amaemon
 13708 | Lair:2   | Killed Amaemon
 13711 | Lair:2   | Reached skill level 1 in Stealth
 13945 | Lair:2   | Found a staircase to the Snake Pit.
 14149 | Lair:2   | Reached skill level 10 in Armour
 14282 | Lair:3   | Noticed a death yak
 14283 | Lair:3   | Noticed a death yak
 14283 | Lair:3   | Noticed a death yak
 14301 | Lair:3   | Noticed a death yak
 14304 | Lair:3   | Noticed a death yak
 14322 | Lair:3   | Killed a death yak
 14335 | Lair:3   | Killed a death yak
 14344 | Lair:3   | Killed a death yak
 14777 | Lair:3   | Killed a death yak
 14792 | Lair:3   | Killed a death yak
 14853 | Lair:3   | Reached XP level 13. HP: 96/105 MP: 18/18
 15077 | Lair:3   | Reached skill level 10 in Shields
 15342 | Lair:3   | Gained mutation: You occasionally shout uncontrollably at
                  | your foes. [potion of mutation]
 15342 | Lair:3   | Gained mutation: You have a pair of small horns on your
                  | head. [potion of mutation]
 15805 | Lair:4   | Found a viscous altar of Jiyva.
 15806 | Lair:4   | Found a staircase to the Slime Pits.
 15870 | Lair:4   | Reached ***** piety under Makhleb
 17009 | Lair:5   | Entered Level 5 of the Lair of Beasts
 17141 | Lair:5   | Reached XP level 14. HP: 101/115 MP: 20/20
 17595 | Lair:5   | Identified the +1 orcbow "Ybraeh" {flame, Str+9}
 17745 | Lair:5   | Reached ****** piety under Makhleb
 17864 | Lair:5   | Identified the +3 leather armour "Kusyloa" {rPois rC+}
 18049 | Lair:5   | Acquired the +4 barding of Insurance {rElec rN+ rCorr}
 18102 | Lair:5   | Reached skill level 11 in Shields
 18175 | Lair:5   | Identified the +5 rapier of Symmetry {freeze, rC- Will+
                  | rCorr}
 18190 | Lair:5   | Identified the +0 plate armour of the Old and Reckless {rC+
                  | Str-4 SInv}
 20072 | D:13     | Reached XP level 15. HP: 106/124 MP: 22/22
 20729 | D:13     | Reached skill level 15 in Maces & Flails
 20799 | D:13     | Found a gate to the Vaults.
 20933 | D:14     | Noticed Snorg
 20941 | D:14     | Killed Snorg
 21005 | D:14     | Reached skill level 10 in Evocations
 21574 | D:15     | Entered Level 15 of the Dungeon
 21968 | D:15     | Noticed Azrael
 21979 | D:15     | Killed Azrael
 22008 | D:15     | Reached skill level 10 in Invocations
 22199 | D:15     | Found a staircase to the Depths.
 22435 | D:15     | Noticed Rupert
 22464 | D:15     | Killed Rupert
 22957 | Orc:1    | Entered Level 1 of the Orcish Mines
 22966 | Orc:1    | Reached skill level 12 in Shields
 23405 | Orc:2    | Entered Level 2 of the Orcish Mines
 23662 | Orc:2    | Found a staircase to the Elven Halls.
 23663 | Orc:2    | Noticed Josephine
 23723 | Orc:2    | Killed Josephine
 23974 | Orc:2    | Found Dostrilatt's Magic Scroll Emporium.
 23982 | Orc:2    | Bought a scroll of teleportation for 45 gold pieces
 24184 | Orc:2    | Reached XP level 16. HP: 128/134 MP: 23/23
 24204 | Orc:2    | Reached skill level 10 in Fighting
 24342 | Orc:2    | Found Edufec Upaeck's General Store.
 24342 | Orc:2    | Found Zatomuas's Distillery.
 24382 | Orc:2    | Paralysed by an ogre mage for 3 turns
 24433 | Orc:2    | Found Atimyal's Armour Shop.
 24433 | Orc:2    | Found Sewow's Weapon Emporium.
 24440 | Orc:2    | Bought a scroll of brand weapon for 133 gold pieces
 24440 | Orc:2    | Bought a scroll of teleportation for 42 gold pieces
 24443 | Orc:2    | Bought a potion of might for 52 gold pieces
 24443 | Orc:2    | Bought a potion of heal wounds for 65 gold pieces
 24443 | Orc:2    | Bought a potion of curing for 39 gold pieces
 24443 | Orc:2    | Bought a potion of curing for 39 gold pieces
 24443 | Orc:2    | Bought a potion of haste for 130 gold pieces
 24758 | Snake:1  | Entered Level 1 of the Snake Pit
 25341 | Snake:1  | Found a bloodstained altar of Trog.
 25812 | Snake:2  | Identified the serpent talisman of the Game of Life {+Blink
                  | rCorr Int-5 SInv}
 25812 | Snake:2  | Noticed Aizul
 26084 | Snake:1  | Killed Aizul
 26573 | Snake:2  | Reached skill level 13 in Shields
 26853 | Snake:2  | Found Meudajy's Book Emporium.
 26854 | Snake:2  | Found Zyjen's Jewellery Shop.
 26857 | Snake:2  | Found Taoteu's Book Emporium.
 26865 | Snake:2  | Bought the amulet of Internal Strife {Reflect rC+ rN+ Will+
                  | Int+3 SH+5} for 961 gold pieces
 28183 | Snake:3  | Reached XP level 17. HP: 122/143 MP: 25/25
 28831 | Snake:4  | Entered Level 4 of the Snake Pit
 29313 | Snake:4  | Reached skill level 14 in Shields
 29863 | Snake:4  | Identified the +1 mace of Disgust {freeze, rF- rC+++
                  | Stlth-}
 30115 | Snake:4  | Found a runed translucent gate.
 30115 | Snake:4  | Found a runed translucent gate.
 30115 | Snake:4  | Found a runed translucent gate.
 30118 | Snake:4  | Noticed catclaw's ghost (adept OnFi)
 31293 | Snake:4  | Got a serpentine rune of Zot
 31537 | Shoals:1 | Entered Level 1 of the Shoals
 31762 | Shoals:1 | Found a flickering gateway to a bazaar.
 31781 | Bazaar   | Entered a bazaar
 31797 | Bazaar   | Found Zayneala's Magic Scroll Emporium.
 31798 | Bazaar   | Found Dilu's Armour Emporium.
 31841 | Bazaar   | Found Kyalohaxt's Assorted Antiques.
 31841 | Bazaar   | Found Xoophoff's Weapon Shoppe.
 31875 | Bazaar   | Bought a scroll of enchant armour for 180 gold pieces
 31875 | Bazaar   | Bought a scroll of enchant armour for 180 gold pieces
 31894 | Bazaar   | Bought a scroll of acquirement for 520 gold pieces
 31894 | Bazaar   | Bought a scroll of brand weapon for 95 gold pieces
 31894 | Bazaar   | Bought a scroll of blinking for 75 gold pieces
 31894 | Bazaar   | Bought a scroll of teleportation for 30 gold pieces
 31906 | Bazaar   | Bought a +2 pair of gloves of hurling for 322 gold pieces
 31918 | Bazaar   | Acquired the +6 lightning scales {swift, rElec}
 31918 | Bazaar   | Found the +6 lightning scales {swift, rElec}
 31966 | Shoals:1 | Identified the ring of Beogh's Vengeance {Fire rPois rN+}
 32008 | Shoals:1 | Identified the +1 ring mail of Divine Intervention {rC++
                  | Int+2}
 32188 | Shoals:1 | Reached skill level 15 in Shields
 32582 | Shoals:2 | Noticed Ilsuiw
 32647 | Shoals:2 | Killed Ilsuiw
 32669 | Shoals:2 | HP: 5/144 [water nymph/the raging water (9)]
 32912 | Shoals:2 | Reached XP level 18. HP: 151/151 MP: 27/27
 34313 | Shoals:3 | Paralysed by a formless jellyfish for 1 turns
 34890 | Shoals:4 | Entered Level 4 of the Shoals
 35120 | Vaults:1 | Entered Level 1 of the Vaults
 36394 | Vaults:1 | Noticed a tentacled monstrosity
 36405 | Vaults:1 | Killed a tentacled monstrosity
 36564 | Vaults:2 | Reached skill level 16 in Shields
 36644 | Vaults:2 | Noticed Donald
 36672 | Vaults:2 | Killed Donald
 37435 | Vaults:2 | Reached XP level 19. HP: 157/160 MP: 28/28
 37558 | Vaults:2 | Noticed Norris
 37570 | Vaults:2 | Killed Norris
 38094 | Vaults:2 | Noticed Zenata
 38106 | Vaults:2 | Killed Zenata
 38621 | Vaults:3 | Found a portal to a secret trove of treasure.
 38845 | Vaults:3 | Identified the +5 scimitar of the Tiger {venom, rPois
                  | Int+6}
 39193 | Vaults:3 | Found a staircase to the Crypt.
 39499 | Vaults:3 | Reached skill level 17 in Shields
 39927 | Vaults:4 | Noticed a dread lich
 39930 | Vaults:4 | Paralysed by something for 2 turns
 39934 | Vaults:4 | Noticed a Brimstone Fiend
 39955 | Vaults:4 | Killed a dread lich
 39956 | Vaults:4 | Reached skill level 15 in Armour
 40187 | Vaults:4 | Paralysed by a sphinx for 2 turns
 40767 | Vaults:4 | Reached XP level 20. HP: 167/170 MP: 30/30
 40844 | Vaults:4 | Identified the +0 pair of gloves "Eriecs" {Dex+2}
 41867 | Vaults:4 | Reached skill level 5 in Dodging
 42442 | Depths:1 | Entered Level 1 of the Depths
 43159 | Depths:1 | Reached skill level 18 in Shields
 43728 | Depths:1 | Found a gateway to Hell.
 44171 | Depths:2 | Noticed Saint Roka
 44799 | Depths:1 | Killed Saint Roka
 46274 | Depths:2 | Identified the +1 mace "Secret Weapon" {spect, rC+ Dex+2}
 46274 | Depths:2 | Identified the ring "Luunkif" {rC++ Int+6}
 46551 | Depths:2 | Reached skill level 15 in Evocations
 46725 | Depths:2 | Found a one-way gate leading to the halls of Pandemonium.
 46914 | Depths:2 | Identified the +7 battleaxe "Oprotone" {pain, rC++ Int-4}
 46914 | Depths:2 | Identified the ring "Jucahaj" {rN++ Str+2 SInv}
 47010 | Depths:2 | Reached XP level 21. HP: 132/179 MP: 32/32
 47204 | Depths:2 | Reached skill level 15 in Invocations
 47241 | Depths:2 | Paralysed by a vampire knight for 2 turns
 47418 | Depths:2 | Reached skill level 19 in Shields
 47769 | Depths:2 | Gained mutation: You frequently scream uncontrollably at
                  | your foes. [mutagenic glow]
 47809 | Depths:2 | Gained mutation: Potions are less effective at restoring
                  | your health. [mutagenic glow]
 47879 | Depths:2 | Lost mutation: You have a pair of small horns on your head.
                  | [potion of mutation]
 47879 | Depths:2 | Lost mutation: Potions are less effective at restoring your
                  | health. [potion of mutation]
 47879 | Depths:2 | Lost mutation: You frequently scream uncontrollably at your
                  | foes. [potion of mutation]
 47879 | Depths:2 | Gained mutation: You have supernaturally acute eyesight.
                  | (SInv) [potion of mutation]
 47879 | Depths:2 | Gained mutation: Your tail ends in a venomous barb. [potion
                  | of mutation]
 47879 | Depths:2 | Gained mutation: Your spells are a little harder to cast,
                  | but a little more powerful. [potion of mutation]
 48247 | Elf:1    | Entered Level 1 of the Elven Halls
 48323 | Elf:1    | Found Ythiusch's General Store.
 48326 | Elf:1    | Bought a scroll of enchant armour for 112 gold pieces
 48507 | Elf:1    | Found Aca Mowk's Armour Shop.
 48521 | Elf:1    | Bought the +3 Mad Mage's Maulers {Infuse+∞ VampMP -Cast}
                  | for 560 gold pieces
 48521 | Elf:1    | Found the +3 Mad Mage's Maulers {Infuse+∞ VampMP -Cast}
 49030 | Elf:1    | Found Beshogim's Book Boutique.
 49725 | Elf:1    | Found Lungoascho's Antique Weapon Emporium.
 51009 | Elf:2    | Found a runed translucent gate.
 51009 | Elf:2    | Found a runed translucent gate.
 51009 | Elf:2    | Found a runed translucent gate.
 51053 | Elf:2    | Identified the +6 short sword of the Genius {elec, rElec
                  | Str+3 Int+3 Dex+2}
 51069 | Elf:2    | Paralysed by an air elemental for 1 turns
 51214 | Elf:2    | Noticed Roxanne
 51422 | Elf:2    | Killed Roxanne
 52304 | Elf:2    | Noticed Agnes
 52308 | Elf:2    | Killed Agnes
 52973 | Elf:3    | Entered Level 3 of the Elven Halls
 53012 | Elf:3    | Reached XP level 22. HP: 190/190 MP: 2/33
 53158 | Elf:3    | Found Ifazirghi's General Store.
 53342 | Elf:3    | Found Koaraez's Magic Scroll Shoppe.
 53342 | Elf:3    | Found Getonibe's Antique Weapon Emporium.
 53425 | Elf:3    | Found the +1 robe of Vines {NoPotionHeal Regen++++}
 53428 | Elf:3    | Bought a scroll of enchant armour for 135 gold pieces
 53792 | Elf:3    | Identified the ring "Gojus" {+Blink rF+++ rC- Str+4 Int+6}
 53841 | Elf:3    | Identified the amulet of the Moon {Faith Dex+3}
 53966 | Elf:3    | Identified the ring "Forget-Me-Not" {^Drain rElec Will+
                  | rCorr EV+5}
 54723 | Elf:3    | Identified the +3 leather armour of the Merchant {rPois
                  | Regen+ Dex+2 Slay+3}
 54907 | Elf:3    | Got the Parchment of Exhalation and Glaciation
 54910 | Elf:3    | Identified the ring "Qagoj" {MP+9 Int+4}
 54920 | Elf:3    | Identified the +0 arbalest of Cocytus {penet, Str+3}
 55092 | Elf:3    | Identified the staff of Dim Light {rF++ Will- Int+4 Necro
                  | Earth}
 55276 | Elf:3    | Found a runed translucent door.
 55341 | Elf:3    | Reached skill level 5 in Stealth
 55546 | Elf:3    | Identified the +4 mace of World's End {flame, rN++}
 56015 | Depths:3 | Found Feel's Weapon Shop.
 56614 | Depths:3 | Found a one-way gate to the infinite horrors of the Abyss.
 56832 | Depths:3 | Reached skill level 20 in Shields
 57061 | Depths:3 | Found Lenio's Distillery.
 57065 | Depths:3 | Found Boickes's Antique Weapon Shoppe.
 57069 | Depths:3 | Bought a potion of curing for 33 gold pieces
 57069 | Depths:3 | Bought a potion of curing for 33 gold pieces
 57069 | Depths:3 | Bought a potion of mutation for 88 gold pieces
 57069 | Depths:3 | Bought 2 potions of might for 88 gold pieces
 57069 | Depths:3 | Bought a potion of might for 44 gold pieces
 58478 | Depths:4 | Entered Level 4 of the Depths
 58819 | Depths:4 | Noticed a golden dragon
 58831 | Depths:4 | Killed a golden dragon
 59098 | Depths:4 | Found a radiant altar of Vehumet.
 59383 | Depths:4 | Found a gate to the Realm of Zot.
 59830 | Depths:4 | Noticed a golden dragon
 59841 | Depths:4 | Killed a golden dragon
 59864 | Depths:4 | Found a one-way gateway to a ziggurat.
 60526 | Hell     | Entered the Vestibule of Hell
 60526 | Hell     | Noticed Geryon
 60539 | Hell     | Killed Geryon
 60956 | Vaults:3 | You paid a toll of the horn of Geryon to enter a treasure
                  | trove
 60957 | Trove    | Entered a treasure trove
 60975 | Trove    | Identified the amulet of the Middle {Acrobat rElec rF+
                  | Regen+ Dex-2}
 60977 | Trove    | Identified the amulet of Winter {Faith rF+}
 61554 | Vaults:5 | Entered Level 5 of the Vaults
 61644 | Vaults:5 | Noticed Frederick
 61653 | Vaults:5 | Noticed Xtahua
 61656 | Vaults:5 | Reached XP level 23. HP: 141/198 MP: 3/35
 61689 | Vaults:5 | Noticed an ancient lich
 62067 | Vaults:5 | Killed an ancient lich
 62068 | Vaults:5 | Reached skill level 15 in Fighting
 62084 | Vaults:5 | Killed Xtahua
 62270 | Vaults:5 | Killed Frederick
 62425 | Vaults:5 | Identified the +2 halberd of Hadorref {heavy, ^Fragile rN+
                  | Stlth+}
 62570 | Vaults:5 | Noticed a dread lich
 62728 | Vaults:5 | Reached skill level 21 in Shields
 62773 | Vaults:5 | Killed a dread lich
 62788 | Vaults:5 | Noticed an ancient lich
 63090 | Vaults:5 | Found Coumose's Magic Scroll Shop.
 63175 | Vaults:5 | Bought a scroll of blinking for 112 gold pieces
 63228 | Vaults:5 | Identified the +1 quarterstaff "Ercheara" {freeze, rElec}
 63627 | Vaults:5 | Identified the +6 sling of Autumn {elec, rElec rPois Dex+5}
 63664 | Vaults:5 | Killed an ancient lich
 63722 | Vaults:5 | Identified the staff "Numoawei" {rPois rF++ Will+ Str+5
                  | Alchemy}
 63805 | Vaults:5 | Identified the +7 halberd of the Scavenger {flame, rC-
                  | Will++ rCorr Dex-2}
 64217 | Vaults:5 | Identified the +1 kite shield of Filth {^Contam rPois Will+
                  | Dex+6}
 64220 | Vaults:5 | Got Fulabemu's Exposition on Conjuration
 64659 | Vaults:5 | Got a silver rune of Zot
 64941 | Vaults:5 | Bought a scroll of enchant weapon for 112 gold pieces
 64941 | Vaults:5 | Bought a scroll of enchant armour for 112 gold pieces
 65341 | Lair:4   | Fell from the grace of Makhleb
 65341 | Lair:4   | Became a worshipper of Jiyva Jameh the Shapeless
 65654 | Depths:4 | Voluntarily entered the Abyss.
 65654 | Abyss:1  | Found a corrupted altar of Lugonu.
 65656 | Abyss:1  | Found a corrupted altar of Lugonu.
 65782 | Abyss:1  | Gained mutation: You are dopey. (Int -2) [a neqoxec]
 66310 | Abyss:1  | Found a corrupted altar of Lugonu.
 66489 | Abyss:1  | Reached XP level 24. HP: 201/207 MP: 1/36
 66493 | Abyss:1  | Reached * piety under Jiyva
 66535 | Abyss:1  | Found a corrupted altar of Lugonu.
 66950 | Abyss:2  | Got Nuriqoqon's Papyrus of Dislocation
 67251 | Abyss:2  | Reached ** piety under Jiyva
 67427 | Abyss:2  | Paralysed by accursed screaming for 1 turns
 68034 | Abyss:2  | Found a corrupted altar of Lugonu.
 68474 | Abyss:2  | Reached *** piety under Jiyva
 68513 | Abyss:2  | Lost mutation: You have supernaturally acute eyesight.
                  | (SInv) [Jiyva's grace]
 68513 | Abyss:2  | Lost mutation: You are dopey. (Int -2) [Jiyva's grace]
 68513 | Abyss:2  | Lost mutation: You occasionally shout uncontrollably at
                  | your foes. [Jiyva's grace]
 68513 | Abyss:2  | Gained mutation: You possess an exceptional clarity of
                  | mind. [Jiyva's grace]
 68513 | Abyss:2  | Gained mutation: You are agile. (Dex +4, Str/Int -1)
                  | [Jiyva's grace]
 68513 | Abyss:2  | Gained mutation: You are very agile. (Dex +8, Str/Int -2)
                  | [Jiyva's grace]
 68513 | Abyss:2  | Gained mutation: You have acidic saliva. [Jiyva's grace]
 68658 | Abyss:3  | Found a corrupted altar of Lugonu.
 68768 | Abyss:3  | Found a corrupted altar of Lugonu.
 68836 | Abyss:3  | Found a corrupted altar of Lugonu.
 68899 | Abyss:3  | Found a corrupted altar of Lugonu.
 68981 | Abyss:3  | Found a corrupted altar of Lugonu.
 69008 | Abyss:3  | Found a corrupted altar of Lugonu.
 69336 | Abyss:3  | Found a corrupted altar of Lugonu.
 69479 | Abyss:3  | Gained mutation: Your magical capacity is low. (-10% MP) [a
                  | neqoxec]
 69583 | Abyss:3  | Reached skill level 22 in Shields
 69640 | Abyss:3  | Gained mutation: You occasionally lose the ability to drink
                  | potions when taking damage. [a neqoxec]
 69684 | Abyss:3  | Identified the +0 tower shield of Twilight {rF+ Int+3
                  | Stlth+}
 69773 | Abyss:3  | Found a corrupted altar of Lugonu.
 69925 | Abyss:3  | Reached XP level 25. HP: 205/216 MP: 3/33
 70137 | Abyss:3  | Found a corrupted altar of Lugonu.
 70511 | Abyss:4  | Reached **** piety under Jiyva
 70851 | Abyss:4  | Found a corrupted altar of Lugonu.
 70860 | Depths:4 | Escaped the Abyss
 70900 | Depths:4 | Voluntarily entered the Abyss.
 70900 | Abyss:4  | Noticed an ancient lich
 70922 | Abyss:4  | Killed an ancient lich
 70971 | Abyss:4  | Reached skill level 10 in Stealth
 70979 | Abyss:4  | Got an abyssal rune of Zot
 71206 | Abyss:4  | Lost mutation: You possess an exceptional clarity of mind.
                  | [a neqoxec]
 71234 | Depths:4 | Escaped the Abyss
 71239 | Depths:4 | Was forgiven by Makhleb
 71616 | Crypt:1  | Entered Level 1 of the Crypt
 71617 | Crypt:1  | Lost mutation: Your magical capacity is extremely low.
                  | (-30% MP) [Jiyva's grace]
 71617 | Crypt:1  | Gained mutation: You have a pair of small antennae on your
                  | head. [Jiyva's grace]
 71617 | Crypt:1  | Gained mutation: You have a pair of antennae on your head.
                  | [Jiyva's grace]
 71617 | Crypt:1  | Gained mutation: You have a pair of large antennae on your
                  | head. (SInv) [Jiyva's grace]
 71617 | Crypt:1  | Gained mutation: Your spells are harder to cast, but more
                  | powerful. [Jiyva's grace]
 71971 | Crypt:1  | Reached ***** piety under Jiyva
 73356 | Crypt:3  | Entered Level 3 of the Crypt
 73485 | Crypt:3  | Reached skill level 23 in Shields
 73639 | Crypt:3  | Lost mutation: Your tail ends in a venomous barb. [Jiyva's
                  | grace]
 73639 | Crypt:3  | Lost mutation: You are very agile. (Dex +8, Str/Int -2)
                  | [Jiyva's grace]
 73639 | Crypt:3  | Lost mutation: Your spells are harder to cast, but more
                  | powerful. [Jiyva's grace]
 73639 | Crypt:3  | Gained mutation: Your movements are slightly less
                  | encumbered by armour. (ER -2) [Jiyva's grace]
 73639 | Crypt:3  | Gained mutation: Your movements are less encumbered by
                  | armour. (ER -4) [Jiyva's grace]
 73639 | Crypt:3  | Gained mutation: Your movements are significantly less
                  | encumbered by armour. (ER -6) [Jiyva's grace]
 73639 | Crypt:3  | Gained mutation: You are robust. (+10% HP) [Jiyva's grace]
 73756 | Crypt:3  | Reached ****** piety under Jiyva
 73986 | Crypt:3  | Found an ancient bone altar of Kikubaaqudgha.
 74275 | Crypt:3  | Noticed an ancient lich
 74276 | Crypt:3  | Noticed a dread lich
 74277 | Crypt:3  | Identified the +4 long sword of the End of Times {flame,
                  | *Rage rN++ SInv}
 74279 | Crypt:3  | Killed an ancient lich
 74280 | Crypt:3  | Reached XP level 26. HP: 247/248 MP: 3/37
 74280 | Crypt:3  | Identified the ring "Fine" {rCorr Str+4}
 74288 | Crypt:3  | Killed a dread lich
 74807 | Crypt:3  | Found a staircase to the Tomb.
 75460 | Crypt:3  | Identified the +0 leather armour of Tedali {-Tele rF+ SInv}
 76016 | Slime:1  | Entered Level 1 of the Pits of Slime
 76129 | Slime:5  | Entered Level 5 of the Pits of Slime
 76152 | Slime:5  | Found a viscous altar of Jiyva.
 76159 | Slime:5  | Noticed the Royal Jelly
 76163 | Slime:5  | Identified the +1 longbow of Honour {drain, Dex+2 SInv}
 76165 | Slime:5  | Identified the +4 mace of the Eternal Void {speed, Fly
                  | rElec rC- Stlth+}
 76276 | Slime:5  | Identified the amulet "Zive" {rElec rPois rC+++ Regen+
                  | Stlth-}
 76279 | Slime:5  | Got a starry gem with 764 turns to spare
 76279 | Slime:5  | Got a slimy rune of Zot
 76280 | Slime:5  | Identified the orb "Moitim" {*Rage, rPois Necro}
 76282 | Slime:5  | Got Kuevuiq's Elucidation of Boreal Beckoning
 76292 | Slime:5  | Found the +7 mace of Variability {chaos, chaos arc}
 76301 | Slime:5  | Identified the +6 sling "Opicky" {heavy, rC+ Dex+3 SInv}
 76748 | Shoals:4 | Found the +3 giant club "Skullcrusher" {speed, Str+7}
 77053 | Shoals:4 | Identified the +3 spear of the Hierophant {drain, rElec rF+
                  | rN+ Str+3}
 77335 | Shoals:4 | Found a runed translucent door.
 77335 | Shoals:4 | Identified the +3 dagger "Xoihes" {flame, rElec rPois
                  | Int+3}
 77336 | Shoals:4 | Noticed porkupine's ghost (adept MiAK)
 77379 | Shoals:4 | Acquired 1312 gold pieces
 77478 | Shoals:4 | Got a barnacled rune of Zot
 77686 | Shoals:4 | Killed porkupine's ghost
 78109 | Zot:1    | Entered Level 1 of the Realm of Zot
 78203 | Zot:1    | Lost mutation: You have a pair of large antennae on your
                  | head. (SInv) [Jiyva's grace]
 78203 | Zot:1    | Lost mutation: You are robust. (+10% HP) [Jiyva's grace]
 78203 | Zot:1    | Lost mutation: You occasionally lose the ability to drink
                  | potions when taking damage. [Jiyva's grace]
 78203 | Zot:1    | Lost mutation: Your movements are significantly less
                  | encumbered by armour. (ER -6) [Jiyva's grace]
 78203 | Zot:1    | Gained mutation: Your body has grown eyes which may confuse
                  | attackers. (Acc +3) [Jiyva's grace]
 78203 | Zot:1    | Gained mutation: Your body has grown many eyes which may
                  | confuse attackers. (Acc +5) [Jiyva's grace]
 78203 | Zot:1    | Gained mutation: Your body is covered in eyes which may
                  | confuse attackers. (Acc +7, SInv) [Jiyva's grace]
 78203 | Zot:1    | Gained mutation: You expend magic power (3 MP) to
                  | strengthen your wands. [Jiyva's grace]
 79781 | Zot:2    | Reached skill level 24 in Shields
 80370 | Zot:2    | Lost mutation: You are agile. (Dex +4, Str/Int -1) [Jiyva's
                  | grace]
 80370 | Zot:2    | Lost mutation: Your spells are a little harder to cast, but
                  | a little more powerful. [Jiyva's grace]
 80370 | Zot:2    | Lost mutation: Your body is covered in eyes which may
                  | confuse attackers. (Acc +7, SInv) [Jiyva's grace]
 80370 | Zot:2    | Lost mutation: You expend magic power (3 MP) to strengthen
                  | your wands. [Jiyva's grace]
 80370 | Zot:2    | Gained mutation: Your flesh is cold resistant. (rC+)
                  | [Jiyva's grace]
 80370 | Zot:2    | Gained mutation: Your flesh is very cold resistant. (rC++)
                  | [Jiyva's grace]
 80370 | Zot:2    | Gained mutation: Your flesh is almost immune to the effects
                  | of cold. (rC+++) [Jiyva's grace]
 80370 | Zot:2    | Gained mutation: Your tail ends in a venomous barb.
                  | [Jiyva's grace]
 80424 | Zot:2    | Reached XP level 27. HP: 235/235 MP: 3/37
 81785 | Zot:3    | Lost mutation: You have a pair of antennae on your head.
                  | [Jiyva's grace]
 81785 | Zot:3    | Lost mutation: You have a pair of small antennae on your
                  | head. [Jiyva's grace]
 81785 | Zot:3    | Lost mutation: Your tail ends in a venomous barb. [Jiyva's
                  | grace]
 81785 | Zot:3    | Lost mutation: You have acidic saliva. [Jiyva's grace]
 81785 | Zot:3    | Lost mutation: Your body has grown many eyes which may
                  | confuse attackers. (Acc +5) [Jiyva's grace]
 81785 | Zot:3    | Gained mutation: You have hidden genetic potential.
                  | [Jiyva's grace]
 81785 | Zot:3    | Gained mutation: You have great hidden genetic potential.
                  | [Jiyva's grace]
 81785 | Zot:3    | Gained mutation: You are partially covered in iridescent
                  | scales. (AC +2) [Jiyva's grace]
 81785 | Zot:3    | Gained mutation: You are mostly covered in iridescent
                  | scales. (AC +4) [Jiyva's grace]
 82369 | Zot:4    | Reached skill level 10 in Dodging
 83149 | Zot:5    | Entered Level 5 of the Realm of Zot
 83868 | Zot:5    | Noticed an orb of fire
 83868 | Zot:5    | Noticed an ancient lich
 83873 | Zot:5    | Noticed an orb of fire
 83892 | Zot:5    | Killed an orb of fire
 83892 | Zot:5    | Gained mutation: Your magical capacity is low. (-10% MP)
                  | [an orb of fire]
 83893 | Zot:5    | Noticed an ancient lich
 83893 | Zot:5    | Noticed an ancient lich
 83911 | Zot:5    | Gained mutation: Your body sometimes deteriorates upon
                  | taking damage. [an orb of fire]
 84045 | Zot:5    | Gained mutation: You are frail. (-10% HP) [an orb of fire]
 84050 | Zot:5    | Gained mutation: You are dopey. (Int -2) [an orb of fire]
 84051 | Zot:5    | Killed an ancient lich
 84052 | Zot:5    | Reached skill level 25 in Shields
 84057 | Zot:5    | Lost mutation: Your magical capacity is low. (-10% MP) [an
                  | orb of fire]
 84135 | Zot:5    | Gained mutation: You are very dopey. (Int -4) [an orb of
                  | fire]
 84137 | Zot:5    | Gained mutation: You occasionally lose the ability to read
                  | scrolls when taking damage. [an orb of fire]
 84147 | Zot:4    | Killed an orb of fire
 84208 | Zot:5    | Killed an ancient lich
 84215 | Zot:5    | Killed an ancient lich
 84285 | Zot:5    | Noticed an ancient lich
 84320 | Zot:5    | Killed an ancient lich
 84408 | Zot:5    | Noticed an orb of fire
 84430 | Zot:5    | Lost mutation: You have great hidden genetic potential. [an
                  | orb of fire]
 84433 | Zot:5    | Gained mutation: You sometimes lose the ability to read
                  | scrolls when taking damage. [an orb of fire]
 84455 | Zot:5    | Gained mutation: Potions are less effective at restoring
                  | your health. [an orb of fire]
 84457 | Zot:5    | Gained mutation: You sometimes lose your temper in combat.
                  | [an orb of fire]
 84466 | Zot:5    | Killed an orb of fire
 84547 | Zot:5    | Gained mutation: You have a somewhat thin skeletal
                  | structure. (Dex +2, Stealth+) [hidden potential]
 84679 | Zot:5    | Identified the +4 flail "Tattletale" {antimagic, rElec rC-
                  | Dex+2 Stlth+}
 84895 | Zot:5    | Got the Orb of Zot
 84953 | Zot:5    | Noticed a seraph
 85244 | D:12     | Noticed Suatefamm the pandemonium lord
 85411 | D:4      | Noticed Puxep the pandemonium lord
 85419 | D:4      | Killed Puxep the pandemonium lord
 85494 | D:$      | Escaped with the Orb!

Illustrated notes

Levels and vault maps discovered:
D:1:      lemuel_arrival_funnel, layout_loops_ring
D:2:      kennysheep_the_goblin_king, layout_loops_corners, serial_bayou_ford_a,
          minmay_close_crescents
D:3:      layout_basic, lightli_temple_of_fire,
          mainiacjoe_overflow_six_doors_small,
          ebering_ecumenical_altar_abandoned, chequers_avenue
D:4:      layout_cave_pools, kennysheep_vampire_church, serial_shops,
          nicolae_shop_real_fake_doors, nicolae_diamond_shop,
          kennysheep_mini_moat, kennysheep_decorative_pillar, uniq_pargi
D:5:      layout_basic, mainiacjoe_overflow_catwalk, temple_fountains,
          minmay_manual_monstrance, uniq_grinder
D:6:      minmay_angry_zag, layout_basic, cheibrodos_sewer_entry_bend,
          serial_undead, serial_undead_d, serial_undead_b, serial_undead_e,
          serial_undead_c, serial_undead_e, serial_undead_d
D:7:      layout_basic, minmay_misc_feat_more_columns,
          nicolae_figureground_pulse
D:8:      layout_basic, serial_demonic, serial_demonic_b, serial_demonic_c,
          serial_demonic_d, serial_demonic_b, lightli_orcish_oven, uniq_joseph
D:9:      layout_small_grid, mainiacjoe_overflow_alcove_2
D:10:     layout_irregular_city, overflow_temple_1_default,
          nicolae_overflow_hidden_temple, pdpol_wu_jian_five_deadly_venoms,
          minitemple
D:11:     layout_basic, erik_lair_dragon, orc_0_dummy, gauntlet_entry_generic,
          demons_altar
D:12:     layout_roguey
D:13:     layout_loops_corners, grunt_vaults_entry_tiered
D:14:     layout_roguey, dk_noncrumbling_4, uniq_snorg
D:15:     gammafunk_enter_depths_forms, layout_loops_ring,
          minmay_misc_feat_tiny, uniq_rupert, uniq_azrael
Temple:   nicolae_temple_ecumenical_triangle
Lair:1:   layout_regular_city
Lair:2:   layout_loops_ring, nicolae_shoals_entry_roost,
          guppyfry_snake_entry_island, grunt_megastairs_5, lemuel_fruit_tree,
          uniq_amaemon
Lair:3:   layout_cave_pods, chequers_serial_rivers_micro_c,
          infiniplex_staircase_pool_2, grunt_megastairs_4
Lair:4:   nzn_winding_woodlands_medium [nzn_winding_woodlands_5x5_checkerboard,
          nzn_winding_woodlands_5x15_cabin, nzn_winding_woodlands_5x5_default,
          nzn_winding_woodlands_5x5_closed_star,
          nzn_winding_woodlands_center_garden, nzn_winding_woodlands_hourglass,
          nzn_winding_woodlands_5x5_perimeter,
          nzn_winding_woodlands_5x15_default, nzn_winding_woodlands_5x5_cross],
          layout_long_grid, dpeg_slime_entry_enclosed
Lair:5:   hangedman_lair_tendril_chambers, layout_regular_city,
          guppyfry_lair_end_dragon
Shoals:1: layout_shoals, serial_shops, bzr_entry_lakeside
Shoals:2: layout_shoals, uniq_ilsuiw
Shoals:3: layout_shoals
Shoals:4: shoals_end_simple, layout_shoals, gammafunk_ghost_grave
Snake:1:  layout_basic, basic_altar, nicolae_triple_integral, grunt_megastairs_1
Snake:2:  layout_misc_corridors, nicolae_snake_boneroom, minmay_shop_grove,
          uniq_aizul
Snake:3:  layout_misc_corridors, nicolae_integral_box
Snake:4:  grunt_snake_rune_pools, layout_grid_shapes,
          portal_ice_cave_entry_pillars_1, gammafunk_ghost_necromancy
Slime:1:  layout_caves, cheibrodos_slime_lost_civilization_5
Slime:2:  layout_caves
Slime:3:  nicolae_slime_pool, layout_caves, uniq_dissolution
Slime:4:  layout_caves
Slime:5:  slime_pit_nicolae_trefoil
Orc:1:    layout_caves
Orc:2:    st_orc_ogre_mass, layout_diamond_mine, serial_shops,
          nicolae_shop_tiny_statue_garden, uniq_josephine
Elf:1:    kennysheep_bubbly, layout_onion_city, serial_shops,
          nicolae_book_shop_shelving, nicolae_shop_tiny_real_fake_doors,
          nicolae_shop_stone, shop, minivault_28
Elf:2:    elven_hall_of_blades_hangedman_original
          [nicolae_blade_entry_hurt_lockers], layout_geoelf_grid,
          nicolae_elf_vaults_five_recruitment_drive, uniq_roxanne, uniq_agnes
Elf:3:    minmay_elf_hall_dome, layout_loops_corners, serial_shops, shop,
          minivault_13, minmay_shoptagon
Vaults:1: v_alt_pattern_4, v_misc_26, vaults_standard_mumra_enter_the_diamond,
          vaults_room_corners, nicolae_vaults_little_squares_3, v_misc_33,
          nicolae_vaults_statue_guard, vaults_standard_mumra_x,
          nicolae_vaults_storage_closets_2, vaults_dpeg_encased_lava,
          nicolae_vaults_lightning_bolt, nicolae_vaults_house_2,
          layout_vaults_big_room
Vaults:2: nicolae_vaults_twisting_passages, v_misc_33,
          nicolae_vaults_closet_pinwheel_5, ontoclasm_vaults_chip, v_misc_27,
          nicolae_vaults_stepped_doors, hangedman_vaults_impose,
          layout_vaults_maze, uniq_donald, uniq_zenata, uniq_norris
Vaults:3: nicolae_vaults_offset_grid_hallway_1, nicolae_vaults_prndl, v_rooms_3,
          vaults_mumra_hexcomb, minmay_crypt_entry_simple_walls,
          nicolae_vaults_little_squares_4, v_misc_18,
          nicolae_vaults_closet_pinwheel_4, nicolae_vaults_trapezoid_lopsided_3,
          layout_vaults_omnicross, nicolae_trove_entry_crossroad
Vaults:4: vaults_room_pool, minmay_orc_keep,
          serial_library_regret_index_headful, hangedman_vaults_river_flow,
          ontoclasm_vaults_fault, layout_vaults_omnigrid
Vaults:5: serial_shops, uniq_frederick, uniq_xtahua
Crypt:1:  layout_misc_corridors
Crypt:2:  layout_rooms, corexii_hall_statues_u
Crypt:3:  evilmike_haunted_forest
Depths:1: layout_basic, pf_coc_iceberg, serial_rivers,
          chequers_serial_rivers_large_a, chequers_serial_rivers_room_b,
          chequers_serial_rivers_small_3, chequers_serial_rivers_marsh,
          kennysheep_kite_vault, serial_bayou_shore_b
Depths:2: minmay_the_grid_triangle_9x9_recursive_3
          [minmay_the_grid_triangle_9x9_wacky_v,
          minmay_the_grid_triangle_9x9_steps,
          minmay_the_grid_triangle_9x9_checkered,
          minmay_the_grid_triangle_9x9_prize_center,
          minmay_the_grid_triangle_9x9_stretched_checkered,
          minmay_the_grid_triangle_9x9_skeleton,
          minmay_the_grid_triangle_9x9_from_above,
          minmay_the_grid_triangle_9x9_negative_grid,
          minmay_the_grid_triangle_9x9_alien], layout_basic,
          hangedman_tar_grid_catacomb, hangedman_decor_slide_cut, pan_entry,
          uniq_saint_roka
Depths:3: hangedman_elemental_death_ray, layout_small_grid, abyss_entry,
          hell_entry, minmay_parallelograms, pan_entry, nicolae_stop_n_shop_2,
          infiniplex_staircase_pillars_1, minmay_shop_star
Depths:4: grunt_zot_entry_pinwheel, layout_gridville, enter_ziggurat_e,
          abyss_entry, hangedman_geh_valley, corexii_corridor_pit,
          fiery_altar_vehumet
Hell
Zot:1:    grunt_twist_and_shout, layout_onion,
          regret_index_zotdec_decaying_vile, zot_minivault_7
Zot:2:    layout_onion_interference, st_single_dragon_hoard_4,
          grunt_megastairs_2, lemuel_elevator, uniq_parghit
Zot:3:    layout_gridlike, zot_minivault_5
Zot:4:    layout_misc_corridors
Zot:5:    layout_misc_corridors, kennysheep_underground_church

Skill      XL: |  1  2  3  4  5  6  7  8  9 10 11 12 13 14 15 16 17 18 19 20 21 22 23 24 25 26 27 |
---------------+----------------------------------------------------------------------------------+-----
Armour         | 4 5 6 7 8 9 10 11 12 13 14 15 | 15.9
Maces & Flails | 2 3 4 5 7 8 10 11 12 14 15 16 17 18 19 20 21 22 23 24 | 24.4
Shields        | 4 5 6 7 8 9 10 11 12 13 15 16 17 18 19 20 21 22 23 24 25 | 25.7
Fighting       | 3 4 5 6 7 8 9 10 11 12 13 14 15 16 17 18 | 18.0
Invocations    | 2 4 5 6 7 8 9 10 11 12 13 14 15 16 18 19 20 21 22 | 22.6
Evocations     | 2 4 5 6 7 8 9 10 11 12 13 14 15 16 18 19 20 22 23 | 23.8
Dodging        | 1 2 3 4 5 6 7 8 9 11 | 11.0
Stealth        | 1 2 3 4 6 7 9 10 12 13 | 13.3

Action                     |  1- 3 |  4- 6 |  7- 9 | 10-12 | 13-15 | 16-18 | 19-21 | 22-24 | 25-27 || total
---------------------------+-------+-------+-------+-------+-------+-------+-------+-------+-------++-------
  Melee: Flail             |   160 |   194 |   304 |  1048 |   771 |       |       |       |       ||  2477
         Tailslap          |    15 |    17 |    36 |   217 |   370 |   461 |   504 |   494 |   628 ||  2742
         Headbutt          |       |       |       |       |   480 |   585 |   581 |       |       ||  1646
         Demon whip        |       |       |       |       |  1061 |  2126 |  2111 |  2140 |  2551 ||  9989
         Bite              |       |       |       |       |       |       |       |    96 |   360 ||   456
 Invoke: Lesser Servant of |       |       |       |     5 |       |       |       |       |       ||     5
         Greater Servant o |       |       |       |       |       |       |     8 |     3 |       ||    11
  Evoke: Wand              |       |     3 |       |     4 |     1 |     4 |       |       |     2 ||    14
         Lightning rod     |       |       |       |     8 |     8 |    14 |    16 |     4 |       ||    50
         Sack of spiders   |       |       |       |       |       |       |       |     1 |       ||     1
    Use: Potion            |     4 |     3 |     5 |    12 |     4 |     3 |     1 |     1 |       ||    33
         Scroll            |     4 |     3 |     5 |     9 |     9 |    11 |     7 |    14 |     2 ||    64
   Stab: Distracted        |       |       |     1 |       |       |       |     1 |    33 |    24 ||    59
         Invisible         |       |       |       |       |     4 |       |       |       |       ||     4
         Held in net/web   |       |       |       |       |       |     2 |       |     3 |     3 ||     8
         Confused          |       |       |       |       |       |       |     1 |    39 |    51 ||    91
         Petrifying        |       |       |       |       |       |       |       |    18 |     9 ||    27
         Sleeping          |       |       |       |       |       |       |       |     4 |    28 ||    32
         Petrified         |       |       |       |       |       |       |       |     3 |     3 ||     6
         Paralysed         |       |       |       |       |       |       |       |     7 |    11 ||    18
 Armour: Scale mail        |    93 |       |       |       |       |       |       |       |       ||    93
         Chain mail        |    31 |       |       |   215 |   743 |   947 |   949 |     2 |       ||  2887
         Plate armour      |    13 |   259 |   424 |   773 |   307 |       |       |       |       ||  1776
         Robe              |       |       |       |       |       |       |       |   638 |   859 ||  1497
  Dodge: Dodged            |    49 |    12 |    23 |    79 |   148 |   170 |   158 |   207 |   352 ||  1198
  Block: Buckler           |    31 |     5 |       |       |       |       |       |       |       ||    36
         Kite shield       |       |   119 |   236 |   558 |   707 |   617 |       |       |       ||  2237
         Reflection        |       |       |       |       |       |   154 |    82 |    34 |    37 ||   307
         Tower shield      |       |       |       |       |       |   958 |  1860 |  1513 |  2397 ||  6728

Table legend: (Time is in decaauts)
 A = Elapsed time spent in this place.
 B = Non-inter-level travel time spent in this place.
 C = Inter-level travel time spent in this place.
 D = Time resting spent in this place.
 E = Time spent auto-exploring this place.
 F = Levels seen in this place.
 G = Mean time per level.
                   A        B        C        D        E       F      G
               +--------+--------+--------+--------+--------+-----+--------+
         Total |  78723 |  71442 |   7281 |   1096 |  54135 |  65 | 1211.1 |
       Dungeon |  18144 |  15088 |   3056 |    325 |  11213 |  15 | 1209.6 |
        Temple |    115 |     55 |     60 |      0 |      0 |   1 |  115.0 |
          Lair |   6661 |   5928 |    733 |     36 |   4274 |   5 | 1332.2 |
        Shoals |   3891 |   3600 |    291 |      0 |   2756 |   4 |  972.8 |
     Snake Pit |   6232 |   5846 |    386 |      0 |   4463 |   4 | 1558.0 |
    Slime Pits |    550 |    367 |    183 |      0 |    347 |   5 |  110.0 |
  Orcish Mines |   1555 |   1441 |    114 |     76 |    840 |   2 |  777.5 |
   Elven Halls |   6945 |   6760 |    185 |      0 |   5965 |   3 | 2315.0 |
        Vaults |  10012 |   8926 |   1086 |    159 |   6506 |   5 | 2002.4 |
         Crypt |   3600 |   3445 |    155 |      0 |   2804 |   3 | 1200.0 |
        Depths |   9789 |   8974 |    815 |    187 |   7473 |   4 | 2447.2 |
          Hell |     14 |     14 |      0 |      0 |      0 |   1 |   14.0 |
           Zot |   5986 |   5772 |    214 |    121 |   4371 |   5 | 1197.2 |
         Abyss |   4740 |   4740 |      0 |    190 |   2823 |   5 |  948.0 |
        Bazaar |    159 |    159 |      0 |      0 |     78 |   1 |  159.0 |
         Trove |     83 |     83 |      0 |      0 |     71 |   1 |   83.0 |
         Sewer |    240 |    240 |      0 |      0 |    147 |   1 |  240.0 |
               +--------+--------+--------+--------+--------+-----+--------+

Top non-repeatable levels by time:
Depths:1: 3315 daAuts
Vaults:5: 3055 daAuts
    D:11: 2650 daAuts
Depths:3: 2418 daAuts
   Elf:3: 2407 daAuts
Depths:4: 2300 daAuts
   Elf:2: 2268 daAuts
   Elf:1: 2268 daAuts
 Snake:3: 1999 daAuts
 Crypt:3: 1998 daAuts
Vaults:2: 1943 daAuts
Vaults:4: 1874 daAuts
 Abyss:2: 1784 daAuts
Depths:2: 1755 daAuts
 Snake:4: 1726 daAuts
